 Dungeon Crawl Stone Soup version 0.22-a0-159-g7ce444fdad (webtiles) character file.

124 MrRokkomies the Slasher (level 5, -1/41 HPs)
             Began as a Barachi Skald on Feb 10, 2018.
             Slain by Pikel
             ... wielding a +0 whip of flaming
              (7 damage)
             ... on level 4 of the Dungeon.
             The game lasted 00:09:20 (2349 turns).

MrRokkomies the Slasher (Barachi Skald)             Turns: 2349, Time: 00:09:21

Health: -1/41      AC:  5    Str: 12    XL:     5   Next: 8%
Magic:  2/8        EV: 11    Int: 14    God:
Gold:   164        SH:  0    Dex: 12    Spells: 3/8 levels left

rFire    . . .     SeeInvis .   a - +0 falchion
rCold    + . .     Gourm    +   (no shield)
rNeg     . . .     Faith    .   h - +0 ring mail
rPois    .         Spirit   .   (no helmet)
rElec    .         Reflect  .   (no cloak)
rCorr    .         Harm     .   (no gloves)
MR       .....                  (no boots)
Stlth    +.........             p - amulet of the gourmand
HPRegen  0.13/turn              o - ring of protection from cold
MPRegen  0.11/turn              (no ring)

@: can't hop, slow
A: +LOS, swims, slowness 1, strong legs 1
a: Hop


You were on level 4 of the Dungeon.
You were not hungry.

You visited 1 branch of the dungeon, and saw 4 of its levels.

You collected 164 gold pieces.

Inventory:

Hand Weapons
 a - a +0 falchion (weapon)
 b - a +1 hunting sling of freezing
Missiles
 i - 103 stones (quivered)
 q - 13 sling bullets
Armour
 h - a +0 ring mail (worn)
Jewellery
 o - a ring of protection from cold (left hand)
 p - an amulet of the gourmand (around neck)
Scrolls
 g - 2 scrolls of remove curse
 j - a scroll of identify
 k - 2 scrolls of teleportation
 l - a scroll of fog
 m - 2 scrolls of enchant weapon
Potions
 n - a potion of curing
Books
 c - a book of Battle

   Spells                             Type                      Level
   a - Infusion                       Charms                       1
   b - Shroud of Golubria             Charms/Translocation         2
   c - Song of Slaying                Charms                       2
   d - Spectral Weapon                Hexes/Charms                 3
   e - Regeneration                   Charms/Necromancy            3
Comestibles
 d - 11 rations


   Skills:
 - Level 3.1 Fighting
 * Level 4.6 Long Blades
 * Level 2.6 Slings
 - Level 1.2 Armour
 - Level 2.1 Dodging
 - Level 2.1 Spellcasting
 - Level 3.2 Charms


You had 3 spell levels left.
You knew the following spells:

 Your Spells              Type           Power        Failure   Level  Hunger
a - Infusion              Chrm           ##..         14%         1    #......
b - Song of Slaying       Chrm           ##......     21%         2    ###....
c - Shroud of Golubria    Chrm/Tloc      #.........   38%         2    ###....


Dungeon Overview and Level Annotations

Branches:
Dungeon (4/15)
 Temple: D:4-7

Altars:
Gozag
Uskayaw

Annotations:
D:4 Pikel


Innate Abilities, Weirdness & Mutations

Shadows flee at your approach. (+LOS)
You can swim through water.
You cover ground slowly.
You can hop short distances.


Message History

The stone hits Pikel but does no damage.
Pikel is severely wounded.
Firing (i - inventory. (/) - cycle)
i - 104 stones (quivered)
Press: ? - help, Shift-Dir - straight line, f/p - Pikel
Aim: Pikel, wielding a whip of flaming and wearing a runed robe (severely wounded)
You shoot a stone. The stone hits Pikel.
The stone freezes Pikel.
Pikel is severely wounded.
Your +1 hunting sling of freezing stops glowing.
a - a +0 falchion (weapon)
You closely miss Pikel.
Pikel is severely wounded.
Pikel hits you with a whip of flaming. Pikel burns you.
Pikel barely misses you.
You riposte.
You hit Pikel but do no damage.
Pikel is severely wounded.
You closely miss Pikel.
Pikel is severely wounded.
The slave hits you!
* * * LOW HITPOINT WARNING * * *
Pikel hits you with a whip of flaming!
You die...

..K.............<
.(...............
#................
#................
#.......$........
#................
#................
########.....>...
#@KZp..(.........
#ppp...#.........
#.....(#.........
#......#.........
#......#.........
##.....#.........
#......###+######
#..........
###..........


You could see Pikel, 4 slaves and a leopard gecko skeleton.

Vanquished Creatures
  A jelly (D:2)
  An adder (D:2)
  2 oozes
  An adder skeleton (D:3)
  A worm (D:3)
  A dart slug (D:1)
  2 leopard geckos (D:1)
  6 bats
  3 giant cockroaches (D:1)
  9 goblins
  6 hobgoblins
  5 jackals
  10 kobolds
  3 quokkas
  7 frilled lizards
  6 rats
64 creatures vanquished.

Notes
Turn   | Place    | Note
-------+----------+-------------------------------------------
     0 | D:1      | MrRokkomies the Barachi Skald began the quest for the Orb.
     0 | D:1      | Reached XP level 1. HP: 17/17 MP: 3/3
   100 | D:1      | Reached XP level 2. HP: 22/23 MP: 5/5
   136 | D:1      | Reached skill level 3 in Long Blades
   444 | D:1      | Reached XP level 3. HP: 28/29 MP: 6/6
   469 | D:1      | Learned a level 2 spell: Song of Slaying
   472 | D:1      | Learned a level 2 spell: Shroud of Golubria
   484 | D:1      | Reached skill level 1 in Slings
  1294 | D:2      | Reached XP level 4. HP: 33/35 MP: 7/7
  1318 | D:2      | Reached skill level 4 in Long Blades
  1651 | D:3      | Found a hide-covered altar of Uskayaw.
  1875 | D:3      | Reached XP level 5. HP: 41/41 MP: 8/8
  2245 | D:4      | Found an opulent altar of Gozag.
  2280 | D:4      | Noticed Pikel
  2282 | D:4      | Noticed a slave
  2304 | D:4      | Noticed a slave
  2305 | D:4      | Noticed a slave
  2311 | D:4      | Noticed a slave
  2349 | D:4      | Slain by Pikel

Vault maps used:
D:1:      lemuel_arrival_broad_hall, st_stairs_4, minmay_box_of_dots
D:2:      hangedman_decor_points, st_stairs_1, corexii_shack
D:3:      eat_drink_and_be_merry_uskayaw, first_ration, grunt_decor_arrowhead
D:4:      kennysheep_mini, grunt_gozag_statues, uniq_edmund, uniq_pikel

Skill      XL: |  1  2  3  4 |
---------------+-------------+-----
Fighting       | 3 |  3.1
Long Blades    | 3 4 |  4.6
Slings         | 1 2 |  2.6
Armour         | |  1.2
Dodging        | |  2.1
Spellcasting   | |  2.1
Charms         | |  3.2

Action                   |  1- 3 |  4- 6 || total
-------------------------+-------+-------++-------
Melee: Falchion          |   105 |   115 ||   220
 Fire: Hunting sling     |     4 |    27 ||    31
 Cast: Shroud of Golubri |       |     3 ||     3
       Infusion          |       |     1 ||     1
 Abil: Hop               |       |     1 ||     1
  Use: Scroll            |     9 |     2 ||    11
       Potion            |       |     5 ||     5
 Stab: Invisible         |       |     3 ||     3
  Eat: Chunk             |     7 |     4 ||    11
Armor: Leather armour    |     9 |       ||     9
       Ring mail         |    31 |    45 ||    76
Dodge: Dodged            |    76 |    92 ||   168
       Rpst.: Falchion   |    20 |    33 ||    53

Table legend:
 A = Spawn XP
 B = Non-spawn XP
 C = Spawn XP percentage of total XP
 D = Spawn monster count
 E = Non-spawn monster count
 F = Spawn count percentage of total count
 G = Total turns spent on level
                    A         B        C        D         E        F      G
               +---------+---------+-------+---------+---------+-------+---------
         Total |       0 |     178 |   0.0 |       0 |      64 |   0.0 |  2349
               +---------+---------+-------+---------+---------+-------+---------
           D:1 |       0 |      61 |   0.0 |       0 |      32 |   0.0 |  1154
           D:2 |       0 |      77 |   0.0 |       0 |      15 |   0.0 |   461
           D:3 |       0 |      39 |   0.0 |       0 |      16 |   0.0 |   629
           D:4 |       0 |       1 |   0.0 |       0 |       1 |   0.0 |   105
               +---------+---------+-------+---------+---------+-------+---------
